 Dungeon Crawl Stone Soup version 0.18.0-1-g0107ab7 (webtiles) character file.

38025 shmeve the Fighter (level 13, -12/183 (184) HPs)
             Began as a Minotaur Berserker on May 6, 2016.
             Was a High Priest of Trog.
             Mangled by a death yak (16 damage)
             ... on level 8 of the Lair of Beasts.
             The game lasted 00:41:04 (19107 turns).

shmeve the Fighter (Minotaur Berserker)            Turns: 19107, Time: 00:41:04

HP:   -12/183 (184) AC: 20    Str: 29    XL:     13   Next: 61%
MP:   12/12         EV:  9    Int:  5    God:    Trog [*****.]
Gold: 995           SH: 22    Dex: 12    Spells: 0 memorised, 12 levels left

rFire  . . .     SeeInvis .     Q - +3 broad axe (chop)
rCold  . . .     Gourm    .     k - +0 plate armour
rNeg   . . .     Faith    .     S - +0 large shield
rPois  +         Spirit   .     D - +2 hat
rElec  .         Dismiss  .     R - +1 cloak
rCorr  .         Reflect  +     N - +0 pair of gloves
SustAt .         Harm     .     (no boots)
MR     .....                    p - +2 amulet of reflection
Stlth  ..........               (no ring)
                                w - ring of poison resistance

@: berserking, very quick, not resistant to hostile enchantments, extremely
unstealthy
A: retaliatory headbutt, horns 2
a: Berserk, Trog's Hand, Brothers in Arms, Burn Spellbooks, Renounce Religion


You were on level 8 of the Lair of Beasts.
You worshipped Trog.
Trog was extremely pleased with you.
You were not hungry.

You visited 3 branches of the dungeon, and saw 19 of its levels.
You also visited: Labyrinth and Sewer.

You collected 1073 gold pieces.
You spent 78 gold pieces at shops.

Inventory:

Hand Weapons
 Q - a +3 broad axe of chopping (weapon)
Missiles
 m - 5 javelins (quivered)
Armour
 k - a +0 plate armour (worn)
 D - a +2 hat (worn)
 N - a +0 pair of gloves (worn)
 R - a +1 cloak (worn)
 S - a +0 large shield (worn)
Jewellery
 p - a +2 amulet of reflection (around neck)
 w - a ring of poison resistance (left hand)
 L - the amulet "Uciwudd" {Spirit rElec rF++ Stlth+, unknown}
   (You found it on level 6 of the Lair of Beasts)

   [amulet of guardian spirit]

   It causes incoming damage to be split between your health and magic.
   It greatly protects you from fire.
   It insulates you from electricity.
   It makes you more stealthy.
Wands
 u - a wand of heal wounds (6/9)
Scrolls
 b - 9 scrolls of teleportation
 e - 3 scrolls of blinking
 g - 4 scrolls of recharging
 h - 10 scrolls of remove curse
 t - a scroll of holy word {unknown}
 y - a scroll of magic mapping
 z - a scroll of random uselessness {unknown}
 B - 3 scrolls of identify
 C - 2 scrolls of fog {unknown}
 F - 2 scrolls of noise {unknown}
 H - 2 scrolls of enchant weapon {unknown}
 J - 2 scrolls of enchant armour
Potions
 a - a potion of cure mutation {unknown}
 d - 2 potions of might {unknown}
 i - 2 potions of magic {unknown}
 j - 3 potions of resistance
 l - 8 potions of curing
 o - a potion of invisibility {unknown}
 q - a potion of beneficial mutation {unknown}
 r - 5 potions of flight
 s - a potion of berserk rage {unknown}
 v - 3 potions of heal wounds
 A - a potion of brilliance {unknown}
 E - 2 potions of agility {unknown}
 I - a potion of haste {unknown}
 K - a potion of degeneration {unknown}
 O - a potion of mutation {unknown}
 P - a potion of cancellation {unknown}
Books
 n - a book of Battle

   Spells                             Type                      Level
   a - Infusion                       Charms                       1
   b - Shroud of Golubria             Charms/Translocation         2
   c - Song of Slaying                Charms                       2
   d - Spectral Weapon                Hexes/Charms                 3
   e - Regeneration                   Charms/Necromancy            3
   Trog disapproves of the use of such an item.
Comestibles
 c - 17 bread rations
 f - 6 meat rations
 x - 2 chunks of flesh
 G - 8 beef jerkies
 M - 3 fruits


   Skills:
 * Level 13.7 Fighting
 * Level 13.7 Axes
 + Level 7.9 Throwing
 + Level 9.9 Armour
 + Level 9.1 Dodging
 * Level 12.6 Shields


You had 12 spell levels left.
You didn't know any spells.

Dungeon Overview and Level Annotations

Branches:
Dungeon (10/15)            Temple (1/1) D:7            Lair (8/8) D:10
 Shoals (0/4) Lair:3       Spider (0/4) Lair:3        Slime (0/6) Lair:8
    Orc: D:9-12

Altars:
Ashenzari
Cheibriados
Dithmenos
Elyvilon
Fedhas
Nemelex Xobeh
Okawaru
Pakellas
Qazlal
Ru
Sif Muna
Vehumet
Xom
Yredelemnul
Zin
Jiyva

Shops:
D:8 [   D:10 (

Annotations:
D:10 exclusion: ice statue


Innate Abilities, Weirdness & Mutations

You reflexively headbutt those who attack you in melee.
You have a pair of horns on your head.


Message History

You slice the death yak!!
The death yak is moderately wounded.
You block the death yak's attack.
The death yak gores you but does no damage.
You block the death yak's attack.
You hit the death yak.
The death yak is moderately wounded.
You hit the death yak.
The death yak is severely wounded.
You hit the death yak.
You kill the death yak!
Trog accepts your kill.
You hit the death yak but do no damage.
The death yak is almost dead.
The death yak gores you!
* * * LOW HITPOINT WARNING * * *
The black mamba bites you.
* * * LOW HITPOINT WARNING * * *
The death yak gores you!
You die...

###### ### ## #.##.#
#.######## ..#
....#####.#P.P.#.##..###
P.....#.#.P......#.....#
...............Y†Y....PP
.†........♣♣.♣♣.@......P
.........♣♣♣.≈♣♣SY..P..P
....†..♣♣# P≈≈♣♣......PP
.÷.....♣ ♣.≈.♣♣♣♣.....P
......♣♣ ♣≈≈♣♣ ♣.....
......♣ ♣.≈≈ .....
........≈ .... ......≈P♣
P... ......♣♣♣


You could see 3 death yaks and a black mamba.

Vanquished Creatures
  Nessos (Lair:7)
  The ghost of Helmschank the Slicer, a journeyman NaWz of Cheibriados (Lair:3)
  A minotaur (Lab)
  Josephine (Lair:7)
  The ghost of chicagocrazy the Nimble, a journeyman MiHu of Okawaru (Lair:2)
  5 hydras
  3 death yaks (Lair:8)
  Urug (Lair:4)
  A griffon (Lair:8)
  10 elephants
  3 black mambas
  A gargoyle (Lab)
  9 spiny frogs
  9 komodo dragons
  3 rime drakes
  2 trolls
  Grinder (D:6)
  14 blink frogs
  Prince Ribbit (D:8)
  4 wraiths (Lair:7)
  12 yaks
  3 basilisks
  5 hippogriffs
  A hungry ghost (D:10)
  3 wargs (D:10)
  12 water moccasins
  15 porcupines
  Duvessa (D:5)
  4 sky beasts
  3 ice beasts
  A black bear (D:9)
  A wasp (D:10)
  2 phantoms (D:10)
  A necrophage (D:8)
  2 ogres
  6 centaurs
  8 crocodiles
  A big kobold (D:5)
  16 giant frogs
  Dowan (D:5)
  6 scorpions
  6 killer bees
  5 howler monkeys
  5 electric eels
  5 crimson imps
  A giant frog zombie (D:8)
  5 hounds
  2 quasits (D:10)
  A giant frog skeleton (D:9)
  6 orc priests
  2 jellies
  6 orc wizards
  2 centaur skeletons
  Crazy Yiuf (D:3)
  7 iguanas
  A worker ant (D:6)
  2 sirens
  A merfolk avatar (Sewer)
  A killer bee zombie (D:5)
  14 sheep
  A hound zombie (D:10)
  A hound skeleton (D:5)
  12 adders
  57 river rats
  A shadow imp (D:9)
  An ooze (D:1)
  3 worms
  4 dart slugs
  11 giant geckos
  20 orcs
  10 giant cockroaches
  5 goblins
  11 hobgoblins
  5 jackals
  3 quokkas
  4 ball pythons
  11 bats
  A giant gecko zombie (D:7)
  4 giant newts
  10 kobolds
  2 quokka skeletons
  25 rats
  3 fungi
454 creatures vanquished.

Vanquished Creatures (collateral kills)
  3 gargoyles (Lab)
3 creatures vanquished.

Vanquished Creatures (others)
  A river rat (Lair:7)
  A quokka (D:8)
  16 fungi
  6 plants
24 creatures vanquished.

Grand Total: 481 creatures vanquished

Notes
Turn   | Place    | Note
--------------------------------------------------------------
     0 | D:1      | shmeve the Minotaur Berserker began the quest for the Orb.
     0 | D:1      | Reached XP level 1. HP: 19/19 MP: 0/0
    10 | D:1      | Found a sparkling altar of Nemelex Xobeh.
    50 | D:1      | Reached XP level 2. HP: 19/27 MP: 1/1
   692 | D:2      | Found a shadowy altar of Dithmenos.
   694 | D:2      | Found a shimmering altar of Xom.
   699 | D:2      | Reached ** piety under Trog
   699 | D:2      | Reached XP level 3. HP: 33/33 MP: 2/2
   701 | D:2      | Found a shimmering altar of Xom.
   879 | D:2      | Found a shimmering altar of Xom.
   881 | D:2      | Found a shimmering altar of Xom.
   932 | D:2      | Found a sacrificial altar of Ru.
  1027 | D:2      | Reached XP level 4. HP: 41/41 MP: 3/3
  1273 | D:2      | Found a radiant altar of Vehumet.
  1282 | D:2      | Found an iron altar of Okawaru.
  1396 | D:3      | Found a glowing drain.
  1423 | Sewer    | Entered a sewer
  1667 | Sewer    | Reached skill level 5 in Fighting
  1667 | Sewer    | Reached XP level 5. HP: 39/48 MP: 4/4
  1676 | Sewer    | Reached *** piety under Trog
  1818 | Sewer    | Reached skill level 1 in Throwing
  1848 | Sewer    | Reached skill level 5 in Axes
  2621 | D:3      | Noticed Crazy Yiuf
  2626 | D:3      | Killed Crazy Yiuf
  2679 | D:3      | Reached XP level 6. HP: 57/57 MP: 5/5
  3113 | D:4      | Reached **** piety under Trog
  3283 | D:4      | Found a blossoming altar of Fedhas.
  3447 | D:4      | Found a deep blue altar of Sif Muna.
  3678 | D:4      | Found a glowing silver altar of Zin.
  3904 | D:5      | Entered Level 5 of the Dungeon
  3906 | D:5      | Found a stormy altar of Qazlal.
  3915 | D:5      | Reached XP level 7. HP: 62/64 MP: 6/6
  3997 | D:5      | Found a shattered altar of Ashenzari.
  4013 | D:5      | Noticed Duvessa
  4015 | D:5      | Noticed Dowan
  4025 | D:5      | Killed Duvessa
  4038 | D:5      | Killed Dowan
  4375 | D:5      | Found a snail-covered altar of Cheibriados.
  4376 | D:5      | Found a basalt altar of Yredelemnul.
  4478 | D:5      | Reached XP level 8. HP: 50/73 MP: 7/7
  4847 | D:6      | Noticed Grinder
  4860 | D:6      | Killed Grinder
  4860 | D:6      | Reached skill level 5 in Armour
  4953 | D:6      | Reached skill level 5 in Dodging
  5386 | D:7      | Found an oddly glowing altar of Pakellas.
  5412 | D:7      | Reached XP level 9. HP: 35/82 MP: 8/8
  5725 | D:7      | Found a staircase to the Ecumenical Temple.
  6486 | Temple   | Entered the Ecumenical Temple
  6694 | D:8      | Reached ***** piety under Trog
  6707 | D:8      | Found a white marble altar of Elyvilon.
  6994 | D:8      | Noticed Prince Ribbit
  7055 | D:8      | Found Asmoc's Armour Boutique.
  7408 | D:8      | Killed Prince Ribbit
  7581 | D:9      | Noticed a troll
  7594 | D:9      | Killed a troll
  7594 | D:9      | Reached skill level 5 in Throwing
  7936 | D:9      | Reached skill level 10 in Fighting
  8052 | D:9      | Received a gift from Trog
  8213 | D:9      | Reached XP level 10. HP: 83/92 MP: 9/9
  8217 | D:9      | Reached skill level 10 in Axes
  8469 | D:10     | Entered Level 10 of the Dungeon
  8904 | D:10     | Noticed an ice statue
  9382 | D:10     | Found a staircase to the Lair.
  9853 | D:10     | Found Ufyemics's Weapon Shoppe.
  9861 | D:10     | Bought a +0 battleaxe for 78 gold pieces
  9982 | Lair:1   | Entered Level 1 of the Lair of Beasts
 10372 | Lair:1   | Noticed a spiny frog
 10385 | Lair:1   | Killed a spiny frog
 10385 | Lair:1   | Reached XP level 11. HP: 52/101 MP: 10/10
 10650 | Lair:1   | Noticed an eight-headed hydra
 10656 | Lair:1   | Killed an 11-headed hydra
 11209 | Lair:2   | Reached skill level 1 in Shields
 11252 | Lair:2   | Noticed chicagocrazy's ghost (journeyman MiHu)
 11273 | Lair:2   | Killed chicagocrazy's ghost
 11494 | Lair:2   | Reached skill level 5 in Shields
 11875 | Lair:3   | Noticed Helmschank's ghost (journeyman NaWz)
 11908 | Lair:3   | Killed Helmschank's ghost
 12113 | Lair:3   | Received a gift from Trog
 12122 | Lair:3   | Found a hole to the Spider Nest.
 12353 | Lair:3   | Found a staircase to the Shoals.
 13029 | Lair:4   | Reached skill level 10 in Shields
 13092 | Lair:4   | Reached XP level 12. HP: 106/111 MP: 11/11
 13852 | Lair:4   | Noticed Urug
 13872 | Lair:4   | Killed Urug
 15572 | Lair:5   | Noticed an eight-headed hydra
 15584 | Lair:5   | Killed a two-headed hydra
 15584 | Lair:5   | Received a gift from Trog
 15822 | Lair:5   | You fall through a shaft for 2 floors!
 16079 | Lair:7   | Noticed a six-headed hydra
 16090 | Lair:7   | Killed a one-headed hydra
 16301 | Lair:6   | Found a shadowy altar of Dithmenos.
 16333 | Lair:6   | Found a labyrinth entrance.
 16366 | Lab      | Entered a labyrinth
 16697 | Lab      | Noticed a minotaur
 16706 | Lab      | Killed a minotaur
 16891 | Lair:6   | Received a gift from Trog
 16896 | Lair:6   | Reached XP level 13. HP: 99/121 MP: 12/12
 17055 | Lair:6   | Got a transparent platinum amulet
 17349 | Lair:7   | Noticed Nessos
 17375 | Lair:7   | Killed Nessos
 17537 | Lair:7   | HP: 5/121 [electric eel/bolt of electricity (2)]
 17543 | Lair:7   | HP: 3/121 [electric eel/bolt of electricity (7)]
 18324 | Lair:7   | Received a gift from Trog
 18342 | Lair:7   | Noticed Josephine
 18362 | Lair:7   | Killed Josephine
 18990 | Lair:8   | Entered Level 8 of the Lair of Beasts
 19010 | Lair:8   | Found a viscous altar of Jiyva.
 19011 | Lair:8   | Found a staircase to the Slime Pits.
 19107 | Lair:8   | HP: 7/183 [death yak (7)]
 19107 | Lair:8   | Mangled by a death yak

Skill      XL: |  1  2  3  4  5  6  7  8  9 10 11 12 13 |
---------------+----------------------------------------+-----
Axes           | 4 5 6 8 9 11 12 13 | 13.7
Fighting       | 4 5 6 7 8 10 11 13 | 13.7
Armour         | 3 4 5 6 7 8 9 |  9.9
Throwing       | 1 2 3 4 5 6 7 |  7.9
Dodging        | 3 4 5 6 7 8 9 |  9.1
Shields        | 10 11 12 | 12.6

Action                   |  1- 3 |  4- 6 |  7- 9 | 10-12 | 13-15 || total
-------------------------+-------+-------+-------+-------+-------++-------
Melee: Hand axe          |    78 |   251 |   328 |   491 |   193 ||  1341
       Headbutt          |    10 |    37 |    66 |   146 |    75 ||   334
       Battleaxe         |       |       |       |   246 |       ||   246
       Broad axe         |       |       |       |       |    67 ||    67
Throw: Tomahawk          |       |       |    12 |    20 |       ||    32
       Javelin           |       |       |       |     3 |     5 ||     8
Invok: Trog's Hand       |       |     4 |     2 |     5 |     2 ||    13
       Berserk           |       |     2 |     1 |     8 |     2 ||    13
       Burn Spellbooks   |       |     1 |     2 |     2 |       ||     5
       Brothers in Arms  |       |       |       |     1 |       ||     1
  Use: Scroll            |       |       |    11 |     1 |       ||    12
  Eat: Chunk             |       |     8 |    10 |    34 |     4 ||    56
       Bread ration      |       |     1 |       |       |       ||     1
       Meat ration       |       |       |     1 |     1 |       ||     2
       Fruit             |       |       |       |    13 |       ||    13
       Beef jerky        |       |       |       |     1 |       ||     1
Armor: Plate armour      |    28 |   204 |   184 |   473 |   118 ||  1007
       Animal skin       |     7 |       |       |       |       ||     7
Dodge: Dodged            |    37 |    95 |   110 |   363 |    83 ||   688
Block: Other             |       |     4 |    25 |    27 |       ||    56
       Reflection        |       |     1 |     3 |     4 |     2 ||    10
       Buckler           |       |       |       |   121 |     3 ||   124
       Large shield      |       |       |       |       |   290 ||   290
